 Dungeon Crawl Stone Soup version 0.21-a0-584-g185da8e (webtiles) character file.

20283 SpeedyPerson7 the Severer (level 12, -2/115 HPs)
             Began as a Minotaur Berserker on Dec 21, 2017.
             Was a High Priest of Trog.
             Slain by a nine-headed hydra (8 damage)
             ... on level 4 of the Lair of Beasts.
             The game lasted 00:09:57 (11649 turns).

SpeedyPerson7 the Severer (Minotaur Berserker)     Turns: 11649, Time: 00:09:57

Health: -2/115     AC: 12    Str: 27    XL:     12   Next: 44%
Magic:  0/11       EV:  7    Int:  4    God:    Trog [*****.]
Gold:   792        SH: 12    Dex: 10    Spells: 11/11 levels left

rFire    . . .     SeeInvis .   d - +0 war axe
rCold    . . .     Gourm    .   q - +0 shield
rNeg     . . .     Faith    .   j - +0 plate armour
rPois    .         Spirit   +   (helmet restricted)
rElec    .         Reflect  .   (no cloak)
rCorr    .         Harm     .   m - +0 pair of gloves
MR       .....                  (no boots)
Stlth    ..........             b - amulet of guardian spirit
HPRegen  0.29/turn              (no ring)
MPRegen  0.12/turn              (no ring)

@: about to teleport, berserk cooldown
A: retaliatory headbutt, horns 2
a: Berserk, Trog's Hand, Brothers in Arms, Burn Spellbooks, Renounce Religion


You were on level 4 of the Lair of Beasts.
You worshipped Trog.
Trog was extremely pleased with you.
You were not hungry.

You visited 2 branches of the dungeon, and saw 15 of its levels.

You collected 792 gold pieces.

Inventory:

Hand Weapons
 a - a +0 hand axe
 d - a +0 war axe (weapon)
Armour
 j - a +0 plate armour (worn)
 m - a +0 pair of gloves (worn)
 q - a +0 shield (worn)
Jewellery
 b - an amulet of guardian spirit (around neck)
 G - an uncursed ring of ice
Wands
 s - a wand of iceblast (10)
 u - a wand of random effects (58)
 D - a wand of flame (23)
Scrolls
 f - a scroll of fear {unknown}
 i - 9 scrolls of identify
 k - a scroll of acquirement {unknown}
 l - a scroll of amnesia {unknown}
 n - 2 scrolls of immolation
 p - a scroll of enchant armour {unknown}
 r - 4 scrolls of remove curse
 t - 4 scrolls of teleportation
 v - 2 scrolls of magic mapping {unknown}
 w - a scroll of noise {unknown}
 x - 2 scrolls of enchant weapon {unknown}
 y - a scroll of fog {unknown}
 z - a scroll of brand weapon {unknown}
 C - a scroll of vulnerability {unknown}
 E - a scroll of holy word {unknown}
Potions
 c - 4 potions of curing
 g - 5 potions of invisibility
 h - 2 potions of heal wounds
 o - 3 potions of might {unknown}
 A - a potion of agility
 B - 2 potions of haste {unknown}
 F - a potion of degeneration {unknown}
Comestibles
 e - 14 rations
 H - 8 chunks of flesh


   Skills:
 + Level 13.2 Fighting
 * Level 17.4 Axes
 - Level 2.4 Armour
 - Level 2.1 Dodging
 + Level 10.3 Shields


You had 11 spell levels left.
You didn't know any spells.

Dungeon Overview and Level Annotations

Branches:
Dungeon (11/15)            Temple (0/1) D:4            Lair (4/6) D:8
  Snake (0/4) Lair:3
  Swamp: Lair:2-4    Shoals: Lair:2-4       Orc: D:9-12

Altars:
Gozag
Kikubaaqudgha
Nemelex Xobeh
Sif Muna
Vehumet
Wu Jian
Xom
Jiyva


Innate Abilities, Weirdness & Mutations

You reflexively headbutt those who attack you in melee.
You have a pair of horns on your head.


Message History

The nine-headed hydra bites you.
* * * LOW HITPOINT WARNING * * *
As you read the scroll of teleportation, it crumbles to dust.
You feel strangely unstable. The nine-headed hydra bites you.
* * * LOW HITPOINT WARNING * * *
The nine-headed hydra bites you!
* * * LOW HITPOINT WARNING * * *
The nine-headed hydra closely misses you.
The nine-headed hydra bites you but does no damage.
You block the nine-headed hydra's attack.
The nine-headed hydra bites you!
* * * LOW HITPOINT WARNING * * *
You block the nine-headed hydra's attack. x2
The nine-headed hydra closely misses you.
Unknown command.
You feel yourself speed up.
You block the nine-headed hydra's attack. x2
The nine-headed hydra bites you but does no damage.
The nine-headed hydra bites you!
You die...

#..#.##..†..###.....##.#
.........÷...##..##.#.#
......................##
......................P#
......................##
..........P.P..........#
................<.....#
.........#............#
.$.....@.##...........#
........D..............#
..........#...........##
...>...P.P..P.P........#
.................P....##
.................%..###
####............
##......##P.. ##....P#
#..


You could see a nine-headed hydra.

Vanquished Creatures
  Kirke (Lair:4)
  The ghost of brew9 the Arsonist, a journeyman DrFE of Vehumet (Lair:2)
  Harold (D:10)
  2 hydras
  A black mamba (Lair:3)
  A gargoyle (D:11)
  6 spiny frogs
  3 komodo dragons
  2 trolls
  A slime creature (D:10)
  2 hippogriffs
  Grinder (D:6)
  A wyvern (Lair:3)
  4 hogs (Lair:4)
  24 yaks
  A steam dragon (Lair:2)
  2 basilisks (Lair:1)
  Grum (Lair:1)
  A hungry ghost (D:7)
  A naga (Lair:3)
  4 water moccasins
  2 hell hounds (D:8)
  2 porcupines (Lair:1)
  A hornet zombie (D:8)
  6 orc warriors
  A black bear (D:9)
  2 ice beasts
  A necrophage (D:11)
  3 phantoms
  4 ogres
  3 wolves (Lair:1)
  5 centaurs
  7 crocodiles
  A big kobold (D:10)
  13 bullfrogs
  A wyvern skeleton (D:8)
  19 killer bees
  A crimson imp (D:8)
  A quasit (D:7)
  A bullfrog zombie (D:9)
  4 jellies
  2 centaur skeletons
  14 orc priests
  3 hounds
  9 orc wizards
  Jessica (D:3)
  3 bullfrog skeletons
  2 iguanas (D:8)
  2 worker ants
  A hound skeleton (D:7)
  4 gnolls
  12 adders
  2 shadow imps
  An ooze (D:3)
  A dart slug (D:2)
  A leopard gecko (D:6)
  45 orcs
  A ball python (D:2)
  6 bats
  A bat zombie (D:4)
  4 giant cockroaches
  4 goblins (D:1)
  7 hobgoblins
  17 jackals
  7 quokkas
  5 frilled lizards
  7 kobolds
  5 rats
  A rat zombie (D:4)
307 creatures vanquished.

Vanquished Creatures (others)
  A bush (Lair:2)
1 creature vanquished.

Grand Total: 308 creatures vanquished

Notes
Turn   | Place    | Note
-------+----------+-------------------------------------------
     0 | D:1      | SpeedyPerson7 the Minotaur Berserker began the quest for the Orb.
     0 | D:1      | Reached XP level 1. HP: 19/19 MP: 0/0
    53 | D:1      | Reached skill level 4 in Axes
    59 | D:1      | Reached XP level 2. HP: 14/27 MP: 1/1
   467 | D:2      | Reached ** piety under Trog
   478 | D:2      | Reached XP level 3. HP: 33/33 MP: 2/2
   523 | D:2      | Reached skill level 5 in Axes
   754 | D:3      | Reached XP level 4. HP: 36/41 MP: 3/3
   852 | D:3      | Noticed Jessica
   856 | D:3      | Killed Jessica
   880 | D:3      | Reached skill level 6 in Axes
   966 | D:3      | Reached skill level 5 in Fighting
   966 | D:3      | Reached XP level 5. HP: 5/48 MP: 4/4
  1210 | D:4      | Reached *** piety under Trog
  1283 | D:4      | Found a staircase to the Ecumenical Temple.
  1316 | D:4      | Reached skill level 7 in Axes
  1352 | D:4      | Reached XP level 6. HP: 35/56 MP: 5/5
  1428 | D:4      | Found an ancient bone altar of Kikubaaqudgha.
  1940 | D:4      | Reached skill level 8 in Axes
  1947 | D:5      | Entered Level 5 of the Dungeon
  1947 | D:5      | Noticed an ice beast
  1954 | D:5      | Killed an ice beast
  1954 | D:5      | Reached XP level 7. HP: 55/64 MP: 6/6
  2211 | D:5      | Reached skill level 9 in Axes
  2533 | D:5      | Reached XP level 8. HP: 73/73 MP: 7/7
  2623 | D:5      | Reached skill level 10 in Axes
  3046 | D:6      | Reached **** piety under Trog
  3142 | D:6      | Found a radiant altar of Vehumet.
  3162 | D:6      | Noticed Grinder
  3181 | D:6      | Killed Grinder
  3181 | D:6      | Reached skill level 11 in Axes
  3546 | D:7      | Reached XP level 9. HP: 80/82 MP: 8/8
  3619 | D:7      | Paralysed by fainting for 8 turns
  3695 | D:8      | Reached skill level 12 in Axes
  3695 | D:8      | Reached skill level 1 in Shields
  4162 | D:8      | Found a staircase to the Lair.
  4397 | D:8      | Found an opulent altar of Gozag.
  4763 | D:8      | Reached skill level 13 in Axes
  5043 | D:9      | Reached skill level 10 in Fighting
  5322 | D:9      | Found a shimmering altar of Xom.
  5324 | D:9      | Noticed a troll
  5325 | D:9      | Found a deep blue altar of Sif Muna.
  5326 | D:9      | Found an ornate altar of the Wu Jian Council.
  5332 | D:9      | Killed a troll
  5332 | D:9      | Reached XP level 10. HP: 93/93 MP: 9/9
  5497 | D:9      | Reached ***** piety under Trog
  5500 | D:9      | Reached skill level 5 in Shields
  5513 | D:9      | Reached skill level 14 in Axes
  5850 | D:9      | Found a sparkling altar of Nemelex Xobeh.
  6106 | D:10     | Entered Level 10 of the Dungeon
  6132 | D:10     | Noticed Harold
  6146 | D:10     | Killed Harold
  6354 | D:10     | Found a viscous altar of Jiyva.
  6390 | D:10     | Received a gift from Trog
  6640 | D:10     | Got a faintly humming scale mail
  6651 | D:10     | Identified the cursed +1 scale mail of Lethargy {rF+} (You found it on level 10 of the Dungeon)
  7037 | D:11     | Reached skill level 15 in Axes
  7037 | D:11     | Reached XP level 11. HP: 71/102 MP: 10/10
  7956 | Lair:1   | Entered Level 1 of the Lair of Beasts
  8218 | Lair:1   | Noticed Grum
  8228 | Lair:1   | Killed Grum
  8614 | Lair:1   | Found a sparkling altar of Nemelex Xobeh.
  8780 | Lair:2   | Noticed a four-headed hydra
  8787 | Lair:2   | Killed a seven-headed hydra
  8787 | Lair:2   | Reached skill level 16 in Axes
  9466 | Lair:2   | Noticed brew9's ghost (journeyman DrFE)
  9482 | Lair:2   | Killed brew9's ghost
  9609 | Lair:2   | Reached XP level 12. HP: 77/113 MP: 8/11
 10378 | Lair:3   | Found a staircase to the Snake Pit.
 10682 | Lair:3   | Noticed a six-headed hydra
 10696 | Lair:3   | Killed a 13-headed hydra
 10696 | Lair:3   | Reached skill level 17 in Axes
 11600 | Lair:4   | Noticed Kirke
 11604 | Lair:4   | Reached skill level 10 in Shields
 11615 | Lair:4   | Killed Kirke
 11641 | Lair:4   | Noticed a seven-headed hydra
 11649 | Lair:4   | Slain by a nine-headed hydra

Vault maps used:
D:1:      kennysheep_arrival_forest, grunt_decor_cap
D:2:      minivault_26, st_stairs_5
D:3:      chequers_ecumenical_altar_simple_redux, uniq_jessica
D:4:      lemuel_zombie_altar_kikubaaqudgha, minmay_temple_entry_crystal_x,
          first_ration, hex_tiny
D:6:      basic_altar, minmay_misc_feat_rows, uniq_eustachio,
          uniq_crazy_yiuf_cottage, uniq_grinder
D:8:      grunt_gozag_breadcrumbs, minmay_lair_entry_lava, serial_park,
          serial_park_square3, serial_park_square1, serial_park_tiny_1,
          serial_park_square1, serial_park_tiny_pond
D:9:      marbit_many_paths, grunt_temple_overflow_open, the_bakery
D:10:     jiyva_altar_1, uniq_harold
D:11:     wad_river_or_something, grunt_ministairs_10
Lair:1:   basic_altar, hibernation_bobbens, grunt_megastairs_4,
          lemuel_fruit_tree, uniq_grum
Lair:3:   guppyfry_snake_entry_island
Lair:4:   minmay_swamp_entry_reptiles, lemuel_fruit_fields, uniq_kirke

Skill      XL: |  1  2  3  4  5  6  7  8  9 10 11 12 |
---------------+-------------------------------------+-----
Axes           | 4 5 6 7 8 9 11 13 15 16 17 | 17.4
Fighting       | 4 5 6 7 8 10 11 12 13 | 13.2
Shields        | 4 7 9 10 | 10.3
Armour         | |  2.4
Dodging        | |  2.1

Action                   |  1- 3 |  4- 6 |  7- 9 | 10-12 || total
-------------------------+-------+-------+-------+-------++-------
Melee: Hand axe          |    68 |   104 |   204 |       ||   376
       Headbutt          |     5 |    25 |    44 |    87 ||   161
       War axe           |       |       |   149 |   417 ||   566
       Unarmed           |       |       |       |     1 ||     1
Invok: Berserk           |     2 |     3 |     6 |    10 ||    21
       Trog's Hand       |       |     2 |     1 |     1 ||     4
       Burn Spellbooks   |       |       |     1 |     5 ||     6
  Use: Scroll            |       |       |       |     7 ||     7
  Eat: Chunk             |     1 |     8 |    16 |    20 ||    45
       Ration            |       |       |     1 |     3 ||     4
Armor: Animal skin       |    14 |    10 |       |       ||    24
       Plate armour      |       |    10 |   174 |   126 ||   310
Dodge: Dodged            |    64 |    53 |    85 |    77 ||   279
Block: Shield            |       |       |    75 |   192 ||   267

Table legend:
 A = Spawn XP
 B = Non-spawn XP
 C = Spawn XP percentage of total XP
 D = Spawn monster count
 E = Non-spawn monster count
 F = Spawn count percentage of total count
 G = Total turns spent on level
                    A         B        C        D         E        F      G
               +---------+---------+-------+---------+---------+-------+---------
         Total |       0 |   28976 |   0.0 |       0 |     307 |   0.0 | 11649
               +---------+---------+-------+---------+---------+-------+---------
           D:1 |       0 |      38 |   0.0 |       0 |      21 |   0.0 |   461
           D:2 |       0 |      57 |   0.0 |       0 |      14 |   0.0 |   259
           D:3 |       0 |     203 |   0.0 |       0 |      26 |   0.0 |   542
           D:4 |       0 |     378 |   0.0 |       0 |      25 |   0.0 |   685
           D:5 |       0 |     880 |   0.0 |       0 |      22 |   0.0 |   766
           D:6 |       0 |    1033 |   0.0 |       0 |      23 |   0.0 |   720
           D:7 |       0 |     418 |   0.0 |       0 |       6 |   0.0 |   254
           D:8 |       0 |    1750 |   0.0 |       0 |      28 |   0.0 |  1257
           D:9 |       0 |    3179 |   0.0 |       0 |      39 |   0.0 |  1217
          D:10 |       0 |    2157 |   0.0 |       0 |      22 |   0.0 |   945
          D:11 |       0 |    3406 |   0.0 |       0 |      26 |   0.0 |   850
        Lair:1 |       0 |    3270 |   0.0 |       0 |      19 |   0.0 |   814
        Lair:2 |       0 |    5519 |   0.0 |       0 |      20 |   0.0 |  1433
        Lair:3 |       0 |    3003 |   0.0 |       0 |       9 |   0.0 |  1384
        Lair:4 |       0 |    3685 |   0.0 |       0 |       7 |   0.0 |    62
               +---------+---------+-------+---------+---------+-------+---------
